[Event "GER-ch Youth-U16 2022"]
[Site "Willingen"]
[Date "2022.06.05"]
[Round "2.5"]
[White "Laux, Dominik"]
[Black "Chassard, Cedric"]
[Result "1-0"]
[ECO "B90"]
[WhiteElo "2263"]
[BlackElo "2051"]
[Annotator "TA"]
[PlyCount "107"]
[EventDate "2022.06.05"]
[EventType "swiss"]
[EventRounds "9"]
[EventCountry "GER"]
[SourceTitle "playchess.com"]
[Source "ChessBase"]
[SourceQuality "1"]
[TimeControl "40/4500+30:900+30"]

1. e4 c5 2. Nf3 d6 3. d4 cxd4 4. Nxd4 Nf6 5. Nc3 a6 6. Be3 e5 7. Nb3 Be6 8. f3 h5 9. Qd2 Nbd7 10. Nd5 $1 {[%emt 0:00:00] The main line 10.Nd5 scores better than 10.0-0-0. B90: Sicilian Najdorf: Unusual White 6th moves, 6 Be3 Ng4 and 6 Be3 e5.} Bxd5 11. exd5 g6 12. O-O-O {[%emt 0:00:00] White is slightly better.} Bg7 13. Kb1 Qc7 14. Rg1 Rc8 {[%emt 0:12:38] [#]} 15. c4 $146 ({Predecessor:} 15. Rc1 e4 16. c4 O-O 17. h3 h4 18. f4 Nh5 19. g4 Ng3 20. Bf2 Nxf1 21. Rgxf1 {½-½ (40) Gulevich,A (2305)-Balutescu,M (2369) ICCF email 2016}) 15... b6 16. Be2 Nc5 17. Qc2 Qd7 18. Nxc5 bxc5 19. Rd3 O-O 20. Ra3 Qb7 21. Bd2 (21. Bc1 $16) 21... Rb8 22. Bc3 Rfe8 23. Qa4 (23. g4 $14) 23... Ra8 24. Rb3 Qd7 (24... Qc8 $11) 25. Qxd7 $16 Nxd7 26. Rb7 $36 {[%emt 0:00:14][%mdl 2048] White is really pushing.} Nf6 27. Rb6 Bf8 28. Bd1 $1 Reb8 29. Rxb8 {[%emt 0:01:32] White is more active.} Rxb8 30. Ba4 {[%emt 0:01:40] Against Nd7} Be7 31. Kc2 Kf8 (31... Bd8 $142) 32. a3 $1 Bd8 33. b4 {[%emt 0:01:54] Inhibits a5.} Bb6 34. Rb1 Bc7 (34... Bd8 {was called for.} 35. bxc5 Rxb1 36. Kxb1 dxc5 37. Bxe5 Ke7) 35. Re1 {[%emt 0:04:30] Hoping for f4.} Bb6 (35... Ke7 $142 36. bxc5 dxc5) 36. Rb1 {[%emt 0:05:48] aiming for bxc5.} Bc7 $1 37. bxc5 dxc5 38. Re1 {[%emt 0:00:07] Threatens to win with f4.} Ke7 39. Bxe5 (39. g3 $18) 39... Bxe5 40. Rxe5+ $18 {[%emt 0:00:02][%mdl 4096] Endgame KRB-KRN} Kd6 41. Re1 Rb7 (41... h4 $16 42. g3 Rb7) 42. Bc6 Rb8 43. g3 Ng8 $2 (43... h4 $16 {keeps fighting.}) 44. Re8 $1 Rxe8 45. Bxe8 {[%emt 0:00:00] KB-KN} Ke7 46. Bc6 {[%emt 0:00:00] Kb3 is the strong threat.} Nh6 47. Kb3 {[%emt 0:00:00] Black must now prevent Bb7.} Nf5 {[%emt 0:00:00] [#]} 48. Bb7 $1 h4 $2 (48... Kd7 49. Bxa6 h4 50. gxh4 Nxh4 51. Bb5+ Kc7) 49. Bxa6 Nxg3 {[%emt 0:00:00] [#]} 50. a4 $2 ({Wrong is} 50. hxg3 $2 hxg3 51. Ka4 g2 $19) (50. Ka4 $1 $18 {and the rest is easy.}) 50... Nf1 $2 (50... Kd7 $16 51. a5 (51. hxg3 $2 hxg3 52. d6 g2 $19) 51... Nf5) 51. a5 {[%emt 0:00:00][%cal Ba4a5,Ba5a6][%mdl 32] And now Bb7 would win.} Kd8 52. Bb7 {[%emt 0:00:00] Threatening mate with d6.} Nd2+ 53. Kc3 Nxf3 54. a6 {[%emt 0:00:00] Weighted Error Value: White=0.27 (precise) /Black=0.51} 1-0

[Event "GER-ch Youth-U16 2022"]
[Site "Willingen"]
[Date "2022.06.05"]
[Round "2.6"]
[White "Ohler, Julius"]
[Black "Hommer, Jeremy"]
[Result "1/2-1/2"]
[ECO "A46"]
[WhiteElo "2011"]
[BlackElo "2152"]
[Annotator "TA"]
[PlyCount "46"]
[EventDate "2022.06.05"]
[EventType "swiss"]
[EventRounds "9"]
[EventCountry "GER"]
[SourceTitle "playchess.com"]
[Source "ChessBase"]
[SourceQuality "1"]
[TimeControl "40/4500+30:900+30"]

1. d4 Nf6 2. Nf3 e6 3. Bg5 c5 4. c3 cxd4 5. cxd4 Qa5+ 6. Bd2 Bb4 {[%emt 0:02:17] [#] A46: 1 d4 Nf6 2 Nf3 e6: Torre, London and Colle Systems.} 7. a3 $146 ({Predecessor:} 7. Nc3 O-O 8. e4 d5 9. e5 Ne4 10. Bd3 Nxd2 11. Qxd2 b6 12. h4 Ba6 13. Rh3 Rc8 14. Ng1 Bxd3 15. Rxd3 {0-1 (38) Elorta,D (2409)-Nguyen,V (2369) Da Nang 2008}) 7... Bxd2+ 8. Qxd2 Qxd2+ {[%emt 0:03:19] White has an edge.} 9. Nbxd2 d5 10. e3 Bd7 11. Bd3 Nc6 12. Ke2 Ke7 13. Rhc1 a5 14. Rc2 Rhc8 {[%emt 0:02:07] The position is equal.} 15. Rac1 Na7 16. Ne5 (16. Nb1 {feels hotter.} Bb5 17. Nc3 Bxd3+ 18. Kxd3 Nd7 19. Nd2) 16... Rxc2 $1 17. Rxc2 Rc8 {[%emt 0:00:07] Prevents Rc7.} 18. Rxc8 Nxc8 19. f3 Na7 20. Nb1 Bb5 21. Nc3 Bxd3+ 22. Kxd3 Nc6 23. Nxc6+ bxc6 {[%emt 0:00:05] Weighted Error Value: White=0.05 (flawless) /Black=0.02 (flawless)} 1/2-1/2

[Event "GER-ch Youth-U16 2022"]
[Site "Willingen"]
[Date "2022.06.05"]
[Round "2.7"]
[White "Bakiev, Diyor"]
[Black "Lerchl, Clemens"]
[Result "0-1"]
[ECO "B22"]
[WhiteElo "2157"]
[BlackElo "1843"]
[Annotator "TA"]
[PlyCount "88"]
[EventDate "2022.06.05"]
[EventType "swiss"]
[EventRounds "9"]
[EventCountry "GER"]
[SourceTitle "playchess.com"]
[Source "ChessBase"]
[SourceQuality "1"]
[TimeControl "40/4500+30:900+30"]

1. e4 c5 2. c3 d5 3. exd5 Qxd5 4. d4 Nc6 5. Nf3 Bf5 6. Be3 e6 {[%emt 0:00:00] 6...cxd4 is a critical line. B22: Sicilian: 2 c3.} 7. Na3 cxd4 {[%emt 0:00:00] [#]} 8. Nb5 {[%emt 0:00:00] Strongly threatening Nc7+.} O-O-O {[%emt 0:00:00] Prevents Nc7. White is slightly better.} 9. Nfxd4 Bc5 {[%emt 0:00:00] [#]} 10. Nxc6 $146 (10. Nxf5 Qxf5 11. Qf3 Bxe3 12. fxe3 Nf6 $11) ({Predecessor:} 10. Nxf5 Qxf5 11. Nd4 Nxd4 12. cxd4 Bxd4 13. Rc1+ Kb8 14. Be2 Bc3+ 15. Kf1 Rxd1+ 16. Bxd1 {0-1 (27) Quishpe Vaca,A (1940)-Ruiz Castillo,J (2393) Bogota 2015}) 10... Qxc6 11. Qa4 (11. Nd4 {is more appropriate.} Qd5 12. Qb3 (12. Nxf5 Qxf5 13. Qf3 Bxe3 $11)) 11... a6 (11... Bxe3 $11 12. fxe3 Qd5) 12. Na7+ $14 Bxa7 13. Qxc6+ bxc6 14. Bxa7 {[%emt 0:00:09] Threatens to win with Bb6.} Kb7 {[%emt 0:02:11] Prevents Bb6.} 15. Be3 Nf6 16. f3 e5 17. Be2 e4 18. O-O Rhe8 19. Bd4 e3 20. Rfe1 Nd5 21. Bf1 (21. Bxg7 $16 h5 22. Bc4) 21... Rd6 (21... Nb4 $1 $11 {remains equal.}) 22. g3 (22. Bxg7 Nf4 23. g3 e2 24. gxf4 Rg6+ 25. Bg2 Bh3 $17) 22... Rde6 23. Bc4 {[%emt 0:00:53] A strong pair of Bishops.} g5 (23... e2 $2 24. Kf2 $16) 24. a4 a5 (24... e2 25. b4 $16) 25. Ra3 Bc2 {[%emt 0:00:09] Against Rb3+} 26. Ra2 {[%emt 0:02:08][%cal Ob2b4] Hoping for b4!} Bg6 (26... e2 $2 27. b4 Bd1 28. bxa5 $18) 27. b4 axb4 28. cxb4 g4 $1 29. Be2 (29. fxg4 Re4 30. Bxd5 cxd5 $17) (29. Bxd5 $5 cxd5 30. Rae2 $11 (30. fxg4 Re4 $17)) 29... Bd3 $2 30. Bxd3 $18 gxf3 {[%emt 0:00:06] ...f2+ is the strong threat.} 31. Rc1 $2 (31. Kf1 $18) 31... e2 (31... Rd6 $11 {keeps the balance.} 32. Bc5 (32. Bxh7 Nxb4 33. Bxe3 Nxa2 $17) 32... Nf4 33. gxf4 (33. Bxd6 Nxd3 34. Rf1 e2 $11) (33. Ba6+ Kxa6 34. b5+ Ka5 $11) 33... Rxd3) 32. Re1 (32. Bf2 $142 $1) 32... Rd6 $16 33. Bc5 (33. Bf5 $16) 33... Nf4 $1 $11 34. Ba6+ (34. Bxd6 $2 Nxd3 35. Raxe2 fxe2 $19) (34. Bxh7 Nh3+ 35. Kh1 Rd1 36. Ra1 Rxa1 37. Bb1 Rxb1 $1 38. Rg1 Rxg1+ 39. Bxg1 e1=Q 40. g4 Qxg1#) 34... Kxa6 {[%emt 0:00:15] Really sharp!} 35. gxf4 (35. Bxd6 $2 {too greedy.} Nd3 36. Raxe2 (36. b5+ $2 cxb5 37. axb5+ Kb6 $19) 36... fxe2 $19) 35... Rg8+ ({Black should play} 35... Rd1 $1 $11 36. Kf2 Red8 37. b5+ (37. Ra3 $2 Rxe1 38. Rxf3 Ra1 $19) 37... cxb5) 36. Kh1 $2 (36. Kf2 $14 Rd3 37. Be3) 36... Rd1 $19 37. Ra1 Rd3 (37... Rgd8 {mates} 38. b5+ cxb5 39. Kg1 Rxa1 40. Rxa1 Rd1+ 41. Rxd1 exd1=Q+ 42. Kf2 bxa4 43. Kg3 Qc2 44. Bd4 Qg2+ 45. Kh4 a3 46. h3 a2 47. Bf6 f2 48. Bg5 f1=Q 49. Kh5 Qxh3+ 50. Bh4 Qf5+ 51. Bg5 Q1h3#) 38. Ra2 $2 {[%emt 0:00:39][%mdl 8192] [#]} (38. Bf2 $1 $14 {keeps the upper hand.}) 38... Rd1 $2 (38... f5 $1 $19 {And now ...Rd1 would win.} 39. Bf2 Rd1) 39. Bf2 $2 (39. Ra1 $11 {and White stays safe.} Rgd8 40. h3 Rxa1 41. Rxa1 Rd1+ 42. Kh2) 39... Rg2 40. Raxe2 {[%emt 0:00:27] [#]} Rxf2 $1 {[%emt 0:00:44] Black mates.} 41. b5+ Ka5 42. Kg1 Rg2+ $1 43. Rxg2 Rxe1+ 44. Kf2 fxg2 {[%emt 0:00:00] Weighted Error Value: White=0.91/Black=0.42} 0-1

[Event "GER-ch Youth-U16 2022"]
[Site "Willingen"]
[Date "2022.06.05"]
[Round "2.8"]
[White "Mimkes, Antal"]
[Black "Ehrig, Leon Chris"]
[Result "1-0"]
[ECO "B40"]
[WhiteElo "1696"]
[BlackElo "1890"]
[Annotator "NA RC COMBH"]
[PlyCount "48"]
[EventDate "2022.06.05"]
[EventType "swiss"]
[EventRounds "9"]
[EventCountry "GER"]
[SourceTitle "playchess.com"]
[Source "ChessBase"]
[SourceQuality "1"]
[TimeControl "40/4500+30:900+30"]

1. e4 c5 2. Nf3 e6 3. d4 cxd4 4. Nxd4 Nf6 5. Nc3 Nc6 6. Bc4 Bb4 7. O-O Bxc3 8. bxc3 Nxe4 9. Qg4 Nf6 $16 (9... Nxd4 $11 10. cxd4 (10. Qxg7 Nf3+ 11. gxf3 Qf6 $15) 10... O-O) 10. Qxg7 Rg8 11. Qh6 Rg6 12. Qe3 Ng4 13. Qh3 Nce5 14. Bd3 Nxd3 15. cxd3 b6 16. Nb5 d6 17. Ba3 e5 18. Qxh7 Qd7 19. Nxd6+ Rxd6 20. h3 Nf6 21. Qh8+ Ke7 22. Rfe1 Ke6 23. f4 e4 24. Rxe4+ Kd5 1-0

[Event "GER-ch Youth-U16 2022"]
[Site "Willingen"]
[Date "2022.06.05"]
[Round "2.9"]
[White "Bock, Marlon"]
[Black "Metzdorf, Matteo"]
[Result "1/2-1/2"]
[ECO "D05"]
[WhiteElo "1816"]
[BlackElo "2009"]
[Annotator "TA"]
[PlyCount "67"]
[EventDate "2022.06.05"]
[EventType "swiss"]
[EventRounds "9"]
[EventCountry "GER"]
[SourceTitle "playchess.com"]
[Source "ChessBase"]
[SourceQuality "1"]
[TimeControl "40/4500+30:900+30"]

1. d4 Nf6 2. Nf3 e6 3. e3 c5 4. Bd3 d5 5. b3 Nc6 6. O-O Qc7 7. Bb2 {[%emt 0:00:00] D05: Colle System with ...e6.} cxd4 8. exd4 Nb4 9. Ne5 {[%emt 0:00:39] White is slightly better.} Nxd3 10. Qxd3 Bd6 11. Nd2 O-O 12. Rac1 b6 13. c4 {[%emt 0:05:24] [#]} dxc4 $146 ({Predecessor:} 13... Qb7 14. c5 Be7 15. Qg3 bxc5 16. dxc5 a5 17. a3 Ne8 18. f4 f6 19. Nd3 Nc7 20. Qe3 Bd7 21. Rf3 Be8 22. Rg3 Bg6 23. Nf2 {½-½ (24) Seiler,P (1707)-Massie,J (1915) LSS email 2011}) 14. Ndxc4 Bb7 15. Na5 {[%emt 0:06:54] Pair of Knights!} Qe7 16. Nxb7 Qxb7 17. Rc2 Nd5 {[%emt 0:08:23] [#] ...Bxe5 is the strong threat.} 18. Qe4 Rac8 {[%emt 0:07:36] Strongly threatening ...f5.} 19. Nc4 Be7 20. Rfc1 Rfd8 (20... Bg5 {seems wilder.} 21. Ba3 Bxc1 22. Bxf8 Bf4) 21. Ne3 Rxc2 22. Qxc2 Bg5 23. Qe4 (23. Qe2 $17 {might work better.}) 23... Qd7 (23... Qa6 $19 24. Re1 Qxa2) 24. h4 Bf4 25. Rc2 {[%emt 0:02:39] [#] aiming for Nxd5.} Bxe3 26. fxe3 Rc8 ({Black should try} 26... Qb5 $17) 27. Rc4 b5 28. Rc5 b4 29. Qd3 h6 30. e4 Nc3 {[%emt 0:01:56] And now ...Rxc5 would win.} 31. Rxc8+ Qxc8 {[%emt 0:00:02] Black is slightly better.} 32. a3 a5 33. axb4 axb4 34. Kf2 {[%emt 0:01:32] Weighted Error Value: White=0.15 (very precise) /Black=0.17 (very precise)} 1/2-1/2

[Event "GER-ch Youth-U16 2022"]
[Site "Willingen"]
[Date "2022.06.05"]
[Round "2.10"]
[White "Albert, Markus"]
[Black "Tovmasyan, Minas"]
[Result "1-0"]
[ECO "B43"]
[WhiteElo "2053"]
[BlackElo "1933"]
[Annotator "TA"]
[PlyCount "63"]
[EventDate "2022.06.05"]
[EventType "swiss"]
[EventRounds "9"]
[EventCountry "GER"]
[SourceTitle "playchess.com"]
[Source "ChessBase"]
[SourceQuality "1"]
[TimeControl "40/4500+30:900+30"]

1. e4 c5 2. Nc3 e6 3. Nf3 a6 4. d4 cxd4 5. Nxd4 Qc7 6. a3 Nf6 7. f4 $1 {[%emt 0:00:00][%mdl 4] is currently scoring better than 7.Be2.} d6 {[%emt 0:00:00] Prevents e5. B43: Sicilian: Kan Variation: 5 Nc3.} 8. Be3 b5 9. Qf3 ({Better is} 9. g4 $14) 9... Bb7 {[%emt 0:00:00] The position is equal.} 10. g4 {[%emt 0:00:00][%cal Bg2g4,Bg4g5][%mdl 32] With the idea g5.} Nc6 (10... d5 $11) 11. O-O-O (11. g5 $14 Nd7 12. Bg2) 11... Be7 (11... d5 $11 {remains equal.}) 12. g5 $16 Nd7 13. h4 $36 {[%emt 0:00:00][%mdl 2048] [#] White is pushing.} O-O-O $146 (13... O-O $14) ({Predecessor:} 13... Rc8 14. h5 Nc5 15. g6 Nxd4 16. gxf7+ Kxf7 17. Rxd4 Bf6 18. Rg1 Na4 19. Rxa4 Bxc3 {0-1 (31) Nicolai,T (1909)-Neubauer,A (2145) Germany 2017}) 14. f5 {[%emt 0:02:38] White is more active.} Nde5 {[%emt 0:15:51] [#]} 15. Qh3 {[%emt 0:05:36] Hoping for f6.} Nxd4 16. Bxd4 exf5 {[%emt 0:03:33] [#]} 17. exf5 $1 {[%emt 0:01:31] Black must now prevent f6+.} Kb8 (17... f6 18. Bg2) 18. Bg2 Rc8 19. Rhe1 f6 20. gxf6 Bxf6 21. Bxb7 Kxb7 22. Kb1 ({Reject} 22. Bxe5 $6 Bxe5 23. Re2 Rhe8 $11) (22. h5 $142) 22... Qc6 23. Qg3 a5 (23... Rc7 $142) 24. Ne4 (24. Qf2 $16) 24... Rhd8 (24... Qxc2+ $14 25. Ka1 Rhd8) 25. Rc1 Qc4 {[%emt 0:01:07] [#]} (25... Rd7 $16) 26. Nxd6+ $1 Rxd6 27. Bxe5 Rd2 (27... Rd7 $16 {was worth a try.}) 28. Bxf6 $18 {[%emt 0:00:56] Really sharp!} gxf6 29. Re7+ Ka8 $2 (29... Rc7 30. Qf3+ Rd5 31. Rxc7+ Kxc7 32. Qg3+ Kb7 33. Qg7+ Qc7 34. Qxf6 Qd7) 30. Qe1 Qd5 31. Rxh7 {[%emt 0:00:35] Strongly threatening Qe7.} b4 (31... Rd8 $18 32. Qe3 Rd4) 32. Qe7 {[%emt 0:00:16][%csl LRb4,LRf6] Weighted Error Value: White=0.21 (precise) /Black=0.87} 1-0

[Event "GER-ch Youth-U16 2022"]
[Site "Willingen"]
[Date "2022.06.05"]
[Round "2.11"]
[White "Guo, Philipp Ziming"]
[Black "Gluma, Christian"]
[Result "0-1"]
[ECO "B06"]
[WhiteElo "1825"]
[BlackElo "2012"]
[Annotator "TA"]
[PlyCount "22"]
[EventDate "2022.06.05"]
[EventType "swiss"]
[EventRounds "9"]
[EventCountry "GER"]
[SourceTitle "playchess.com"]
[Source "ChessBase"]
[SourceQuality "1"]
[TimeControl "40/4500+30:900+30"]

1. e4 {[%emt 0:00:00] ChessBase II} g6 2. d4 Bg7 3. Nc3 c6 4. Bc4 d5 5. exd5 b5 6. Bb3 b4 7. Na4 cxd5 8. Nf3 {[%emt 0:00:00] is the legacy move (8.a3). B06: Modern Defence.} Bg4 9. h3 Bxf3 10. Qxf3 ({Of course not} 10. gxf3 Nc6 $11) 10... e6 {[%emt 0:00:00] [#]} 11. Be3 $146 ({Predecessor:} 11. c3 Nc6 12. O-O Nge7 13. Bf4 O-O 14. Rfd1 bxc3 15. bxc3 Rc8 16. Qe2 Nf5 17. Rab1 {½-½ (31) Baumgartner,H-Van der Wiel,J (2465) Holzoster am See 1981 EXT 2015 [ChessBase II]}) 11... Nc6 {[%emt 0:00:00][%mdl 32768] White took control after the opening.  Weighted Error Value: White=0.16 (very precise) /Black=0.02 (flawless) . Loss on time!?} 0-1

[Event "GER-ch Youth-U16 2022"]
[Site "Willingen"]
[Date "2022.06.05"]
[Round "2.12"]
[White "Stork, Christopher"]
[Black "Kort, Felix"]
[Result "1/2-1/2"]
[ECO "C54"]
[WhiteElo "1994"]
[BlackElo "1894"]
[Annotator "NA COMBH"]
[PlyCount "176"]
[EventDate "2022.06.05"]
[EventType "swiss"]
[EventRounds "9"]
[EventCountry "GER"]
[SourceTitle "playchess.com"]
[Source "ChessBase"]
[SourceQuality "1"]
[TimeControl "40/4500+30:900+30"]

1. e4 e5 2. Nf3 Nc6 3. Bc4 Bc5 4. c3 Nf6 5. d4 exd4 6. e5 d5 7. Bb5 Ne4 8. cxd4 Bb6 9. Nc3 O-O 10. Be3 Bg4 11. h3 Bh5 12. Rc1 Ne7 13. g4 Bg6 14. h4 f6 15. exf6 Rxf6 16. Ne5 c6 17. Be2 Qd6 18. h5 Be8 19. Nxe4 dxe4 20. Nc4 Qc7 21. g5 Rf8 22. h6 Nd5 23. hxg7 Qxg7 24. Nxb6 Nxe3 25. Qb3+ Bf7 26. Qxe3 axb6 27. a3 Rfd8 28. Bc4 Bxc4 29. Rxc4 b5 30. Rb4 Qg6 31. Rh6 Qf5 32. Rf6 Qd5 33. g6 hxg6 34. Rxg6+ Kf7 35. Rg5 Qd6 36. Qh3 Rh8 37. Qf5+ Ke8 38. Rg6 Qf8 39. Qxe4+ Kd7 40. d5 Re8 41. Re6 Qc5 42. Rd4 Kc7 43. Rxe8 Rxe8 44. Qxe8 Qxd4 45. Qe7+ Kb6 46. d6 Qxb2 47. d7 Qc1+ 48. Ke2 Qc2+ 49. Ke3 Qc3+ 50. Kf4 Qd4+ 51. Kg5 Qd5+ 52. Kh6 Qh1+ 53. Kg7 Qg2+ 54. Kf8 Qf3+ 55. Qf7 Qd3 56. Qe6 Kc7 57. Ke8 Qd4 58. f4 Qh8+ 59. Ke7 Qh7+ 60. Qf7 Qxf7+ 61. Kxf7 Kxd7 62. f5 c5 63. f6 c4 64. Kg7 c3 65. f7 c2 66. f8=Q c1=Q 67. Qf7+ Kc6 68. Qe6+ Kc7 69. Qe5+ Kb6 70. Qe6+ Ka5 71. Qb3 Qc4 72. Qe3 Ka4 73. Kf6 b6 74. Qxb6 Kxa3 75. Ke5 b4 76. Qa7+ Kb2 77. Qf2+ Qc2 78. Qf1 b3 79. Kd4 Qd2+ 80. Ke4 Ka2 81. Qa6+ Kb1 82. Qf1+ Qc1 83. Qb5 b2 84. Qb4 Qc2+ 85. Ke3 Qc6 86. Kd3 Qa6+ 87. Kd2 Ka1 88. Qd4 Qa5+ 1/2-1/2

[Event "GER-ch Youth-U16 2022"]
[Site "Willingen"]
[Date "2022.06.05"]
[Round "2.13"]
[White "Hecht, Jonas Christian"]
[Black "Bungarten, Jona"]
[Result "0-1"]
[ECO "D02"]
[WhiteElo "1884"]
[BlackElo "1843"]
[Annotator "NA RC COMBH"]
[PlyCount "188"]
[EventDate "2022.06.05"]
[EventType "swiss"]
[EventRounds "9"]
[EventCountry "GER"]
[SourceTitle "playchess.com"]
[Source "ChessBase"]
[SourceQuality "1"]
[TimeControl "40/4500+30:900+30"]

1. d4 d5 2. Bf4 Nf6 3. Nf3 c5 4. e3 Nc6 5. c3 Qb6 6. Qb3 c4 7. Qc2 Bf5 8. Qc1 h6 9. h3 e6 10. Nbd2 Qd8 11. b3 b5 12. a4 a6 13. Be2 Be7 14. O-O O-O 15. axb5 axb5 16. b4 Qb6 17. Qb2 Qb7 18. Ne5 Nxe5 19. dxe5 Nd7 20. Nf3 f6 21. Bh2 fxe5 22. Nxe5 Bf6 23. Nf3 e5 24. Rfd1 Rfe8 25. Qd2 Nb6 26. Rxa8 Qxa8 27. Qb2 Qc6 28. Qd2 Qe6 29. Ra1 Na4 30. Bd1 Qc6 31. Bxa4 bxa4 32. Qd1 Bd7 33. Bg3 Qe6 34. Ra3 Bb5 35. Qd2 Rd8 36. Kh1 Qf5 37. Ra1 Qe4 38. Rd1 Kf7 39. Kg1 Ke6 40. Qb2 Ra8 41. Qb1 Qxb1 42. Rxb1 d4 43. exd4 exd4 44. Nxd4+ Bxd4 45. cxd4 Kd5 46. Be5 g5 47. Kf1 Ke4 48. Ke2 c3+ 49. Kd1 Rc8 50. Ra1 Bc4 51. Kc1 Bb3 52. b5 Kd5 53. b6 Rf8 54. f3 Rf7 55. Kb1 Rb7 56. Bc7 Kxd4 57. g3 Kd3 58. Kc1 Ke3 59. f4 Ke4 60. Ra3 gxf4 61. gxf4 Kf5 62. Ra1 Ke6 63. Ra3 Kd7 64. Be5 Rxb6 65. Bxc3 Rg6 66. Ra1 Rg2 67. Bd2 Ke6 68. f5+ Kxf5 69. Bxh6 Rc2+ 70. Kb1 Rh2 71. Bg7 Kg5 72. Kc1 Rc2+ 73. Kb1 Kh4 74. Bf6+ Kxh3 75. Bh8 Kg3 76. Bg7 Kf3 77. Bf6 Ke3 78. Bg5+ Kd3 79. Bf6 Rf2 80. Bh8 Kc4 81. Be5 Re2 82. Bg7 Rg2 83. Be5 Rf2 84. Kc1 Ba2 85. Bg7 Kb3 86. Bh8 a3 87. Bg7 Rf1+ 88. Kd2 Bb1 89. Be5 a2 90. Bg7 Rf7 91. Be5 Rd7+ 92. Ke3 Re7 93. Kf4 Rxe5 94. Kxe5 Kb2 0-1

[Event "GER-ch Youth-U16 2022"]
[Site "Willingen"]
[Date "2022.06.05"]
[Round "2.14"]
[White "Heinrich, John"]
[Black "Neuber, Pascal"]
[Result "1-0"]
[ECO "B10"]
[WhiteElo "2011"]
[BlackElo "1802"]
[Annotator "TA"]
[PlyCount "79"]
[EventDate "2022.06.05"]
[EventType "swiss"]
[EventRounds "9"]
[EventCountry "GER"]
[SourceTitle "playchess.com"]
[Source "ChessBase"]
[SourceQuality "1"]
[TimeControl "40/4500+30:900+30"]

1. e4 c6 2. Nc3 d5 3. Nf3 dxe4 4. Nxe4 Bf5 5. Ng3 Bg6 {[%emt 0:00:00] [#]} 6. h4 $1 {[%emt 0:00:00][%cal Bh2h4,Bh4h5][%mdl 32] B11: Caro-Kann: Two Knights Variation.} Nf6 7. h5 Be4 8. Nxe4 {[%emt 0:00:00] White is better.} Nxe4 {[%emt 0:00:02] [#]} 9. Bd3 $146 ({Predecessor:} 9. d3 Nf6 10. h6 gxh6 11. Bxh6 Bxh6 12. Rxh6 Qb6 13. Rxf6 exf6 14. Qe2+ {0-1 (64) Shtyka,S (2154)-Tsydypov,Z (2533) Chess.com INT 2022}) 9... Nf6 10. b3 (10. h6 $16) 10... Nbd7 11. Bb2 e6 12. h6 gxh6 (12... g6 $11) 13. Qe2 Rg8 14. g3 {[%emt 0:04:49][%mdl 1024] White has compensation.} Nc5 15. Bf5 Qe7 16. Bh3 O-O-O 17. O-O-O Bg7 18. Kb1 Nd5 19. d4 Na6 20. c4 Nb6 21. Ne5 {[%emt 0:02:11][%cal Oe5f7] Black must now prevent Nxf7!} Nc7 22. Rhe1 {[%emt 0:10:09] White is more active.} Bxe5 23. Qxe5 Rg5 (23... Qg5 $142) 24. Qf4 a5 {[%emt 0:02:37] [#]} (24... Qf8 $16 {was called for.} 25. Rh1 Kb8) 25. d5 $1 $18 Qb4 $2 (25... Nbxd5 26. cxd5 Nxd5) 26. dxc6 Rxd1+ 27. Rxd1 {[%emt 0:00:06] Strongly threatening cxb7+. Really sharp!} bxc6 28. Qxf7 a4 29. Bxe6+ ({Not} 29. Qxh7 axb3 30. axb3 (30. Qxh6 Ra5 $11) 30... Qxb3 $11) 29... Kb7 30. Kc2 Ra5 31. Bh3 {[%emt 0:04:05] This bishop pair is nice.} Qc5 32. Bg2 {[%emt 0:02:22] White is clearly winning.} axb3+ 33. axb3 Ra2 34. Kb1 Ra5 35. Qf6 {[%emt 0:00:43] Threatens to win with Rd6.} Nxc4 36. bxc4 Qxc4 37. Qc3 Qa2+ 38. Kc2 Qa4+ 39. Qb3+ Qxb3+ 40. Kxb3 {[%emt 0:00:05] Weighted Error Value: White=0.18 (very precise) /Black=0.34} 1-0

[Event "GER-ch Youth-U16 2022"]
[Site "Willingen"]
[Date "2022.06.05"]
[Round "2.15"]
[White "Beyer, Lorenz"]
[Black "Spriestersbach, Kai"]
[Result "1-0"]
[ECO "A48"]
[WhiteElo "1512"]
[BlackElo "1948"]
[Annotator "TA"]
[PlyCount "49"]
[EventDate "2022.06.05"]
[EventType "swiss"]
[EventRounds "9"]
[EventCountry "GER"]
[SourceTitle "playchess.com"]
[Source "ChessBase"]
[SourceQuality "1"]
[TimeControl "40/4500+30:900+30"]

1. d4 Nf6 2. Nf3 g6 3. Bf4 Bg7 4. e3 O-O 5. Be2 d6 6. O-O Nfd7 {[%emt 0:00:00] A48: 1 d4 Nf6 2 Nf3 g6: Torre, London and Colle Systems.} 7. c3 e5 8. dxe5 dxe5 {[%emt 0:00:00] The position is equal.} 9. Bg3 h6 10. Nbd2 Nc6 {[%emt 0:00:00] [#]} 11. Qc2 $146 ({Predecessor:} 11. e4 Qe7 12. Nc4 Nd8 13. Ne3 Ne6 14. Bc4 c6 15. Bh4 Ng5 16. Kh1 Nc5 17. Qc2 {½-½ (52) Atanasov,A (2144)-Paciorkowski,L (2194) Charlotte 2020}) 11... f5 12. h3 Qf6 13. Bc4+ Kh8 14. Rad1 Nb6 15. Bb5 {[%emt 0:01:50] Threatens to win with Bxc6.} f4 16. exf4 exf4 {[%emt 0:00:16] White must now prevent ...Bf5.} 17. Nh4 (17. Bh2 $11) 17... Ne7 $19 18. Bd3 (18. Rde1 $142 fxg3 19. fxg3) 18... g5 ({Don't go for} 18... fxg3 $2 19. fxg3 Bf5 20. Nxf5 gxf5 21. Nb3 $19) 19. Ne4 Qc6 20. Qe2 $2 (20. Nf3) 20... fxg3 (20... gxh4 $142 21. Bxh4 f3 22. gxf3 Ng6) 21. Nxg5 hxg5 $4 {[%emt 0:01:41][%mdl 8192] [#]} (21... gxf2+ $19 22. Rxf2 Rxf2 23. Qxe7 Bd7 $1 24. Kxf2 hxg5 25. Ng6+ Kg8 26. Qxg5 Qf6+ 27. Qxf6 Bxf6) 22. Ng6+ $1 $18 {[%emt 0:03:27][%mdl 64] Decoy} Nxg6 23. Qh5+ Kg8 24. Bxg6 {[%emt 0:00:19][%csl Gg6][%cal Rh5h7] Dancing on a razor blade.} Re8 $2 (24... gxf2+ $2 25. Rxf2 (25. Kh1 Qxg6 26. Qxg6 g4 $16) 25... Qxg6 26. Rxf8+ Kxf8 27. Qxg6 $18) (24... Qxg6 $18 25. Qxg6 gxf2+ 26. Rxf2 Rxf2) 25. Qh7+ {[%emt 0:01:17] Weighted Error Value: White=0.36/Black=0.95} 1-0